 Dungeon Crawl Stone Soup version 0.21.0-3-g78d12a8bdd (webtiles) character file.

1731 KamiKatze the Cutter (level 9, 0/69 HPs)
             Began as a Vine Stalker Fighter on Jan 9, 2018.
             Slain by a killer bee (3 damage)
             ... on level 5 of the Dungeon.
             The game lasted 00:17:22 (5599 turns).

KamiKatze the Cutter (Vine Stalker Fighter)         Turns: 5599, Time: 00:17:23

Health: 0/69       AC: 10    Str: 27    XL:     9   Next: 5%
Magic:  0/10       EV:  8    Int: 12    God:
Gold:   261        SH: 11    Dex: 14    Spells: 8/8 levels left

rFire    . . .     SeeInvis .   a - +0 rapier
rCold    . . .     Gourm    .   c - +0 shield
rNeg     + . .     Faith    .   b - +0 scale mail
rPois    .         Spirit   +   o - +0 helmet
rElec    .         Reflect  .   B - scarf {cloud immunity}
rCorr    .         Harm     .   (no gloves)
MR       +....                  D - +0 pair of boots
Stlth    ..........             (no amulet)
HPRegen  0.61/turn              y - +4 ring of intelligence
MPRegen  0.12/turn              x - ring of positive energy

@: berserking, lethally poisoned (0 -> -11), very quick
A: fangs 3, regeneration 1, magic shield, antimagic bite, no potion heal 3, rot
immunity
a: no special abilities


You were on level 5 of the Dungeon.
You were not hungry.

You visited 1 branch of the dungeon, and saw 5 of its levels.

You collected 261 gold pieces.

Inventory:

Hand Weapons
 a - a +0 rapier (weapon)
Missiles
 h - 146 stones (quivered)
 q - 2 javelins
 z - 12 tomahawks
Armour
 b - a +0 scale mail (worn)
 c - a +0 shield (worn)
 o - a +0 helmet (worn)
 B - a scarf of cloud immunity (worn)
 C - a +0 chain mail
 D - a +0 pair of boots (worn)
Jewellery
 x - a ring of positive energy (right hand)
 y - a +4 ring of intelligence (left hand)
 J - an uncursed ring of wizardry
Wands
 H - a wand of polymorph (8)
Scrolls
 e - 5 scrolls of enchant weapon {unknown}
 g - 7 scrolls of teleportation
 i - 2 scrolls of blinking {unknown}
 j - 2 scrolls of fear {unknown}
 n - a scroll of summoning {unknown}
 p - 2 scrolls of enchant armour {unknown}
 r - a scroll of magic mapping {unknown}
 s - 2 scrolls of remove curse
 w - 2 scrolls of amnesia
 F - a scroll of random uselessness {unknown}
Potions
 d - 3 potions of might
 l - a potion of ambrosia
 m - 2 potions of curing
 t - a potion of agility
 v - a potion of mutation
 A - a potion of lignification
Comestibles
 f - 7 rations
 k - 4 chunks of flesh


   Skills:
 + Level 4.9 Fighting
 * Level 6.2 Short Blades
 * Level 5.9 Armour
 + Level 4.9 Shields


You had 8 spell levels left.
You didn't know any spells.

Dungeon Overview and Level Annotations

Branches:
Dungeon (5/15)
 Temple: D:4-7

Altars:
Dithmenos
Makhleb
Trog
Xom

Annotations:
D:5 1 runed door


Innate Abilities, Weirdness & Mutations

You have razor-sharp teeth.
Your natural rate of healing is unusually fast.
When hurt, damage is shared between your health and your magic reserves.
Your bite disrupts and absorbs the magic of your enemies.
Potions cannot restore your health.
You are immune to rotting.


Message History

You feel invigorated.
The killer bee is severely wounded.
* * * LOW HITPOINT WARNING * * *
You feel sick. The killer bee stings you.
You barely miss the killer bee.
The killer bee is severely wounded.
* * * LOW HITPOINT WARNING * * *
You feel sick. The killer bee barely misses you.
You hit the killer bee.
The killer bee is almost dead.
* * * LOW HITPOINT WARNING * * *
You feel sick. The killer bee stings you.
* * * LOW HITPOINT WARNING * * *
You are more poisoned.
The killer bee poisons you! You block the killer bee's attack.
You closely miss the killer bee. Your bite misses the killer bee.
The killer bee is almost dead.
* * * LOW HITPOINT WARNING * * *
You feel sick. The killer bee stings you.
You die...

.#.###.#.#.#####.# ####.# .#.#
#...........# #....####
.#.###.#.........# ##.##.##..
.#.....###.......# ##...##...#
.####### #######.# ##..)..###..
.# #.# #..._...###. .# #.#
#.......# #. .# #.# #^#####'#
#. .# #@# #######.# #. .# #y#
#.....## #. .# #####s# #######
#. .# #...aa######## #. .#
#.##sa.......# ##. .##
#.##s#######.# ##..
..##########.##.# #.# ##.##
..............#.# #.# ##.##
..##########..#.#######.####.##


You could see 3 worker ants, a killer bee and 3 giant cockroaches.

Vanquished Creatures
  The ghost of Fv001 the Covered, a novice DDFi (D:5)
  A hippogriff (D:5)
  Eustachio (D:5)
  A sky beast (D:5)
  A phantom (D:3)
  2 ogres (D:5)
  A centaur (D:5)
  A scorpion (D:5)
  2 killer bees (D:5)
  2 crimson imps (D:5)
  2 hounds
  2 orc priests
  An iguana (D:4)
  An orc wizard (D:4)
  3 worker ants
  2 worker ant zombies (D:5)
  A howler monkey zombie (D:5)
  5 adders
  An adder skeleton (D:5)
  3 worms
  2 dart slugs
  5 leopard geckos
  14 orcs
  3 ball pythons
  2 giant cockroaches
  4 goblins
  12 hobgoblins
  4 quokkas
  8 bats
  5 frilled lizards
  11 kobolds
  10 rats
114 creatures vanquished.

Notes
Turn   | Place    | Note
-------+----------+-------------------------------------------
     0 | D:1      | KamiKatze the Vine Stalker Fighter began the quest for the Orb.
     0 | D:1      | Reached XP level 1. HP: 11/11 MP: 2/2
   173 | D:1      | Reached skill level 2 in Short Blades
   175 | D:1      | Reached XP level 2. HP: 16/16 MP: 3/3
   564 | D:1      | Reached XP level 3. HP: 19/19 MP: 4/4
  1252 | D:2      | Found a burning altar of Makhleb.
  2633 | D:3      | Gained mutation: Your natural rate of healing is unusually fast. [Vine Stalker growth]
  2633 | D:3      | Reached XP level 4. HP: 24/24 MP: 5/5
  2656 | D:3      | Noticed a phantom
  2668 | D:3      | Killed a phantom
  2668 | D:3      | Reached skill level 3 in Short Blades
  2668 | D:3      | Reached XP level 5. HP: 23/28 MP: 6/6
  3436 | D:4      | Reached XP level 6. HP: 25/32 MP: 7/7
  3633 | D:4      | Found a shimmering altar of Xom.
  4240 | D:5      | Entered Level 5 of the Dungeon
  4328 | D:5      | Reached skill level 4 in Short Blades
  4504 | D:5      | Reached XP level 7. HP: 34/37 MP: 8/8
  4687 | D:5      | Noticed a hippogriff
  4699 | D:5      | Killed a hippogriff
  4727 | D:5      | Found a bloodstained altar of Trog.
  4827 | D:5      | Gained mutation: You have razor-sharp teeth. [Vine Stalker growth]
  4827 | D:5      | Reached XP level 8. HP: 37/42 MP: 9/9
  4830 | D:5      | Reached skill level 5 in Short Blades
  4843 | D:5      | Found a shadowy altar of Dithmenos.
  4922 | D:5      | Noticed Eustachio
  4922 | D:5      | Noticed Fv001's ghost (novice DDFi)
  5001 | D:5      | Reached skill level 5 in Armour
  5012 | D:5      | Found a runed door.
  5066 | D:5      | Found a runed door.
  5106 | D:5      | HP: 2/42 [ogre/giant club (8)]
  5342 | D:5      | Killed Fv001's ghost
  5457 | D:5      | Killed Eustachio
  5457 | D:5      | Reached skill level 6 in Short Blades
  5576 | D:5      | Reached XP level 9. HP: 40/46 MP: 7/10
  5599 | D:5      | HP: 3/69 [poisoned by a killer bee]
  5599 | D:5      | Slain by a killer bee

Skill      XL: |  1  2  3  4  5  6  7  8 |
---------------+-------------------------+-----
Short Blades   | 2 3 4 6 |  6.2
Fighting       | 3 4 |  4.9
Shields        | 3 4 |  4.9
Armour         | 3 4 5 |  5.9

Action                   |  1- 3 |  4- 6 |  7- 9 || total
-------------------------+-------+-------+-------++-------
Melee: Rapier            |   119 |   150 |   163 ||   432
       Bite              |    30 |    41 |    54 ||   125
Throw: Stone             |    19 |       |       ||    19
  Use: Scroll            |       |     8 |     2 ||    10
       Potion            |       |       |     1 ||     1
  Eat: Chunk             |     5 |     6 |     4 ||    15
Armor: Scale mail        |    41 |    66 |    75 ||   182
Dodge: Dodged            |    32 |    33 |    33 ||    98
Block: Shield            |    48 |    68 |    64 ||   180
